 Dungeon Crawl Stone Soup version 0.20-a0-1039-gf554463 (webtiles) character file.

666042 Gorglomux the Convoker (level 27, -6/198 HPs)
             Began as a Formicid Warper on Apr 22, 2017.
             Was the Champion of Cheibriados.
             Mangled by a crystal guardian (16 damage)
             ... on level 13 of a ziggurat.
             The game lasted 03:31:02 (64798 turns).

Gorglomux the Convoker (Formicid Warper)           Turns: 64798, Time: 03:31:03

Health: -6/198     AC: 13    Str: 34    XL:     27
Magic:  9/42       EV: 20    Int: 38    God:    Cheibriados [******]
Gold:   3571       SH: 37    Dex: 29    Spells: 18/56 levels left

rFire    + . .     SeeInvis +   Z - +7 battleaxe (vamp) {!w}
rCold    . . .     Gourm    .   T - +18 shield of the Gong {rElec rN+ MR+ EV-5}
rNeg     + . .     Faith    +   V - +6 chain mail of Ruhouxte {rC- rCorr Slay+6}
rPois    .         Spirit   .   (helmet unavailable)
rElec    +         Reflect  .   x - +2 cloak {MR+}
rCorr    +         Harm     .   w - +2 pair of gloves "Loghueri" {Dex+2}
MR       ++++.                  z - +2 pair of boots {Fly}
Stlth    ..........             R - amulet of faith {Faith, !P}
Regen    0.5/turn               u - ring "Netesyhu" {+Blink +Fly rElec rF+ Slay+3}
MPRegen  0.3/turn               c - ring of protection from cold {rC+, !d}

@: corroded, flying, very slow
A: permanent stasis, dig shafts and tunnels, four strong arms, antennae 3, large
bone plates 1, frail 1, strong 1
}: 3/15 runes: decaying, serpentine, silver
a: Dig, Shaft Self, Bend Time, Temporal Distortion, Slouch, Step From Time,
Renounce Religion, Stop Flying


You were on level 13 of a ziggurat.
You worshipped Cheibriados.
Cheibriados was exalted by your worship.
You were completely stuffed.

You visited 9 branches of the dungeon, and saw 47 of its levels.
You visited 1 ziggurat, and saw 13 of its levels.
You also visited: Ice Cave.

You collected 6826 gold pieces.
You spent 3255 gold pieces at shops.

Inventory:

Hand Weapons
 t - the +7 great mace "Undeadhunter" {disrupt, rN+}
   (You found it on level 9 of a ziggurat)

   It protects you from negative energy.
 Q - a +4 battleaxe of flaming
   (You took it off a hell knight on level 3 of the Depths)
 Z - a +7 vampiric battleaxe (weapon) {!w}
   (You bought it in a shop on level 1 of the Depths)
Missiles
 d - 2 throwing nets {=f, !d}
 e - 8 tomahawks of dispersal {=f}
 I - 4 tomahawks (quivered)
Armour
 w - the +2 pair of gloves "Loghueri" (worn) {Dex+2}
   (You found it on level 5 of the Vaults)

   It affects your dexterity (+2).
 x - a +2 cloak of magic resistance (worn)
   (You took it off Maurice on level 2 of the Orcish Mines)
 z - a +2 pair of boots of flying (worn)
   (You found it in an ice cave)
 T - the +18 shield of the Gong (worn) {rElec rN+ MR+ EV-5}
   (You bought it in a shop on level 11 of the Dungeon)

   It affects your evasion (-5).
   It insulates you from electricity.
   It protects you from negative energy.
   It affects your resistance to hostile enchantments.
 V - the +6 chain mail of Ruhouxte (worn) {rC- rCorr Slay+6}
   (You took it off an orc knight on level 1 of the Vaults)

   It affects your accuracy and damage with ranged weapons and melee attacks
   (+6).
   It makes you vulnerable to cold.
   It protects you from acid and corrosion.
Jewellery
 c - a ring of protection from cold (right hand) {rC+, !d}
   (You found it on level 3 of the Swamp)
 h - the ring of the Centipede {+Fly MR+ Str+2 Slay+2 Stlth+}
   (You acquired it on level 11 of a ziggurat)

   [ring of slaying]

   It affects your strength (+2).
   It affects your accuracy and damage with ranged weapons and melee attacks
   (+2).
   It affects your resistance to hostile enchantments.
   It lets you fly.
   It makes you more stealthy.
 s - an uncursed ring of resist corrosion
   (You found it on level 5 of the Lair of Beasts)
 u - the ring "Netesyhu" (left hand) {+Blink +Fly rElec rF+ Slay+3}
   (You found it on level 15 of the Dungeon)

   [ring of protection from fire]

   It affects your accuracy and damage with ranged weapons and melee attacks
   (+3).
   It protects you from fire.
   It insulates you from electricity.
   It lets you fly.
   It lets you blink.
 A - an uncursed ring of poison resistance {rPois, !d}
   (You took it off a deep elf mage on level 10 of the Dungeon)
 C - a +5 ring of evasion
   (You found it on level 5 of the Depths)
 J - an uncursed ring of protection from fire {rF+, !d}
   (You took it off a naga mage on level 2 of the Snake Pit)
 R - an amulet of faith (around neck) {Faith, !P}
   (You found it on level 3 of the Snake Pit)
Wands
 p - a wand of digging (3/24)
   (You found it on level 3 of the Snake Pit)
 r - a wand of acid (9/15)
   (You found it on level 2 of the Swamp)
Scrolls
 k - 4 scrolls of amnesia
 n - 7 scrolls of immolation {!r}
 o - 5 scrolls of magic mapping {!r}
 y - 25 scrolls of remove curse
 E - 2 scrolls of summoning
 F - 8 scrolls of fog
 G - 2 scrolls of silence
 H - 2 scrolls of recharging
 K - 4 scrolls of identify
 L - 5 scrolls of fear
 X - 4 scrolls of holy word {!r}
Potions
 b - 3 potions of magic
 j - 23 potions of curing
 l - 2 potions of resistance
 m - 3 potions of cancellation
 q - a potion of agility
 M - 7 potions of ambrosia
 P - 9 potions of brilliance
 S - 2 potions of might
 U - 5 potions of heal wounds
 Y - 5 potions of mutation {!q}
Miscellaneous
 a - a lamp of fire
   (You found it on level 4 of the Lair of Beasts)
 g - a fan of gales
   (You found it on level 15 of the Dungeon)
 v - 2 phantom mirrors
 B - a phial of floods
   (You found it on level 11 of a ziggurat)
 N - 5 sacks of spiders
 O - a lightning rod (4/4)
   (You found it on level 3 of the Elven Halls)
Comestibles
 f - 34 bread rations {@e1@e1}
 i - 12 meat rations {@e2@e2}
 D - 15 chunks of flesh {@w0@w0}


   Skills:
 + Level 19.1 Fighting
 - Level 19.5(22.5) Axes
 - Level 20.0(22.7) Maces & Flails
 - Level 1.0 Throwing
 - Level 13.4 Armour
 - Level 15.4 Dodging
 - Level 11.5 Shields
 + Level 15.2 Spellcasting
 - Level 10.4 Charms
 * Level 20.1 Summonings
 - Level 8.0 Necromancy
 - Level 14.3 Translocations
 - Level 12.1 Invocations


You had 18 spell levels left.
You knew the following spells:

 Your Spells              Type           Power        Failure   Level  Hunger
a - Shroud of Golubria    Chrm/Tloc      #######...   1%          2    None
b - Passage of Golubria   Tloc           N/A          1%          4    None
c - Dispersal             Tloc           #######...   1%          6    None
d - Summon Lightning Spi  Summ/Air       #######.     1%          4    None
e - Shadow Creatures      Summ           N/A          1%          6    None
f - Dispel Undead         Necr           ######..     3%          5    None
g - Dragon's Call         Summ           ########..   54%         9    ######.
S - Song of Slaying       Chrm           #######.     1%          2    None


Dungeon Overview and Level Annotations

Branches:
Dungeon (15/15)            Temple (0/1) D:5            Lair (6/6) D:10
  Swamp (4/4) Lair:3        Snake (4/4) Lair:3        Slime (0/5) Lair:6
    Orc (2/2) D:11            Elf (3/3) Orc:2        Vaults (5/5) D:14
  Crypt (3/3) Vaults:2       Tomb (0/3) Crypt:3      Depths (5/5) D:15
    Zot (0/5) Depths:5

Altars:
Cheibriados
Fedhas
Kikubaaqudgha
Nemelex Xobeh
Qazlal
Sif Muna
Trog
Uskayaw
Yredelemnul
Zin

Shops:
D:4 *   D:10 [   D:11 [(   D:15 (   Orc:2 }[!%   Snake:1 **   Snake:2 (
Snake:3 !   Depths:1 (!?=   Depths:5 :

Portals:
Hell: Depths:1 Depths:2 Depths:3 Depths:4 Depths:5
Abyss: Depths:3 Depths:4
Pandemonium: Orc:2 Depths:3 Depths:4

Annotations:
D:10 1 runed door
Lair:2 exclusion: oklob plant
Snake:1 exclusion: Roxanne, Roxanne
Crypt:2 exclusion: door
Depths:5 exclusion: door


Innate Abilities, Weirdness & Mutations

You cannot be hasted, slowed, berserked, paralysed or teleported.
You can dig through walls and to a lower floor.
Your four strong arms can wield two-handed weapons with a shield.
You have a pair of large antennae on your head. (SInv)
You are partially covered in large bone plates. (SH +4)
You are frail. (-10% HP)
Your muscles are strong. (Str +2)


Message History

Unknown command.
You feel much better.
The crystal guardian fires a crystalline bolt at you.
The crystal bolt misses you. x2
The crystal bolt freezes the crystal guardian.
The crystal guardian completely resists.
You block the Hell Sentinel's attack.
GONNNNG!
You block the Hell Sentinel's attack.
GONNNNG!
You block the stone giant's attack.
BOUMMMMG!
You block the entropy weaver's attack.
GONNNNG!
The entropy weaver hits you. You block the entropy weaver's attack.
BOUMMMMG!
You block the entropy weaver's attack.
PANG!
You regained 24 hp, and now have 78/198 hp.
You slice the entropy weaver!! You slash the crystal guardian!
You slash the stone giant!
You feel better.
You hit the iron golem but do no damage.
You slash the iron dragon!
You feel better.
You completely miss the Hell Sentinel.
The crystal guardian fires a crystalline bolt at you.
The crystal bolt misses you.
The crystal bolt freezes the iron golem.
The iron golem completely resists.
The crystal bolt freezes the iron golem.
The iron golem completely resists.
You block the iron dragon's attack.
GONNNNG!
You block the iron dragon's attack.
GONNNNG!
You block the iron dragon's attack.
GONNNNG!
You block the Hell Sentinel's attack.
BONNNG!
The Hell Sentinel hits you. The stone giant hits you!! The iron golem hits you!
* * * LOW HITPOINT WARNING * * *
The entropy weaver hits you but does no damage.
The entropy weaver completely misses you.
The entropy weaver hits you but does no damage. x2
You take 34 damage, and have 44/198 hp.
Unknown command.
You cut the entropy weaver into ribbons!!!
You kill the entropy weaver!
Cheibriados thoroughly appreciates the change of pace.
You hit the crystal guardian but do no damage.
You slash the stone giant!
You feel better.
You slash the iron golem!
You hit the iron dragon but do no damage.
You hit the Hell Sentinel but do no damage.
You block the crystal guardian's attack.
BONNNG!
You block the Hell Sentinel's attack.
BOUMMMMG!
You block the Hell Sentinel's attack.
PANG!
The iron dragon barely misses you. The iron dragon claws you.
* * * LOW HITPOINT WARNING * * *
The iron dragon tramples you!
* * * LOW HITPOINT WARNING * * *
You hold your ground!
You take 8 damage, and have 36/198 hp.
Unknown command.
You completely miss the crystal guardian.
You slash the torpor snail!
You feel better.
You are struck by the Hell Sentinel's spines.
* * * LOW HITPOINT WARNING * * *
You hit the Hell Sentinel but do no damage.
You slash the iron dragon!
You feel better.
You hit the iron golem but do no damage.
You hit the stone giant.
You feel better. You block the stone giant's attack.
GONNNNG!
The iron golem misses you.
The crystal guardian fires a crystalline bolt at you.
The crystal bolt freezes you!
* * * LOW HITPOINT WARNING * * *
The crystal bolt freezes the iron golem.
The iron golem completely resists.
The crystal bolt freezes the iron golem.
The iron golem completely resists.
You take 21 damage, and have 15/198 hp.
Unknown command.
Okay, then.
You feel much better. The Hell Sentinel hits you!
* * * LOW HITPOINT WARNING * * *
You block the Hell Sentinel's attack.
GONNNNG!
You block the stone giant's attack.
BONNNG!
The iron dragon bites you!
* * * LOW HITPOINT WARNING * * *
You block the iron dragon's attack.
BONNNG!
The iron dragon tramples you.
* * * LOW HITPOINT WARNING * * *
You hold your ground!
You block the torpor snail's attack.
PTOANNNG!
The crystal guardian hits you!
You die...

▓▓.##.......##
▓▓.............
▓▓..............
▓▓...............
▓.∩..............
▓▓...............
▓▓.....†wE......
▓▓...)D1w......
▓▓.##8@8w...##
▓▓##..C....##
▓▓.........▓
▓▓▓▓▓▓▓▓▓▓▓


You could see a Hell Sentinel, an iron golem, an iron dragon, a stone giant, a
crystal guardian, 3 torpor snails and an earth elemental.

Vanquished Creatures
  3 ancient liches
  2 juggernauts
  Sojobo (Vaults:3)
  A shard shrike (Zig:2)
  A shard shrike (shapeshifter) (Depths:4)
  Frederick (Depths:4)
  Bai Suzhen (Vaults:3)
  the Lernaean hydra (Swamp:4)
  Boris (twice) (Vaults:3 Depths:3)
  Margery (Depths:4)
  Vashnia (Snake:2)
  Saint Roka (Orc:2)
  2 caustic shrikes (Zig:13)
  Jory (Vaults:2)
  Nikola (Swamp:4)
  6 golden dragons
  2 bone dragons
  3 electric golems (Zig:7)
  5 liches
  A Brimstone Fiend (Zig:6)
  7 tentacled monstrosities
  Rupert (D:13)
  2 Ice Fiends (IceCv)
  2 deep elf master archers (Elf:3)
  2 quicksilver dragons (Vaults:5)
  10 titans
  An acid blob (Zig:5)
  Asterion (Elf:1)
  The ghost of Malvoorn the Fencer, an adept DsBe of Trog (Snake:4)
  2 deep elf blademasters (Elf:3)
  An Executioner (Zig:9)
  6 sphinxes
  3 thorn hunters
  5 tengu reavers
  9 shadow dragons
  A draconian monk (Depths:5)
  3 ancient champions (Crypt:1)
  2 azure jellies (Zig:5)
  6 storm dragons
  A revenant (Crypt:3)
  7 nagarajas
  15 frost giants
  17 fire giants
  4 deep elf sorcerers
  A draconian knight (Depths:5)
  14 vault wardens
  2 ghost moths (Zig:11)
  Aizul (Snake:1)
  18 ironheart preservers
  2 orc warlords
  A balrug (Zig:6)
  5 deep elf elementalists
  5 draconian shifters
  An iron dragon (Depths:4)
  2 draconian scorchers (Zig:8)
  Louise (Swamp:4)
  3 curse skulls
  6 ghouls
  4 spriggan defenders
  2 draconian annihilators (Zig:8)
  A reaper (Zig:10)
  An ophan (Zig:10)
  12 entropy weavers
  20 very ugly things
  6 war gargoyles
  8 deep elf demonologists
  32 stone giants
  10 vampire knights
  7 deep elf annihilators
  2 green draconians
  6 spark wasps
  A purple draconian (Depths:5)
  2 red draconians
  A yellow draconian (Depths:5)
  23 ettins
  An eidolon (Crypt:1)
  2 green deaths
  13 fire dragons
  3 crystal guardians (Crypt:3)
  4 deep elf death magi
  8 jiangshi
  A minotaur (shapeshifter) (Depths:2)
  A death ooze (Swamp:4)
  2 merfolk impalers
  31 yaktaur captains
  Josephine (D:10)
  3 deep elf high priests
  Erolcha (D:9)
  21 ogre magi
  9 spriggan air magi
  8 great orbs of eyes
  36 vault guards
  7 rakshasas
  11 ice dragons
  A hell beast (Swamp:4)
  12 centaur warriors
  A catoblepas (D:10)
  19 hydras
  A two-headed ogre (shapeshifter) (Vaults:2)
  14 alligators
  5 death knights
  10 anacondas
  2 merfolk avatars
  13 naga warriors
  14 deep troll earth magi
  49 two-headed ogres
  32 dancing weapons
  16 deep troll shamans
  10 orc high priests
  A titan zombie (Crypt:3)
  12 tengu warriors
  2 vampire magi
  20 naga sharpshooters
  A shock serpent (shapeshifter) (Vaults:5)
  The ghost of nubinia the Summoner, a journeyman TeSu of Sif Muna (D:10)
  3 thrashing horrors
  The ghost of zhorgal the Cleaver, a novice FoFi of Ru (D:8)
  9 shock serpents
  3 spriggan berserkers
  Sonja (D:13)
  5 iron trolls
  25 deep elf knights
  A sun demon (Depths:5)
  3 wretched stars (Zig:9)
  A storm dragon zombie (Crypt:3)
  A fire crab (shapeshifter) (Elf:2)
  5 soul eaters
  54 deep trolls
  6 shadow wraiths
  2 sea snakes (Lair:6)
  A spark wasp zombie (Zig:6)
  15 hell knights
  A salamander mystic (Snake:3)
  3 spriggan druids
  7 unseen horrors
  2 storm dragon skeletons
  A torturous demonspawn (Orc:2)
  10 naga ritualists
  7 flayed ghosts
  30 skeletal warriors
  A death drake (shapeshifter) (Vaults:4)
  A ghost moth zombie (Crypt:1)
  12 phantasmal warriors
  2 gelid demonspawn (Orc:2)
  5 glowing orange brains
  6 wizards
  6 swamp dragons
  An obsidian statue (Vaults:4)
  3 shambling mangroves
  An anaconda skeleton (Crypt:2)
  17 ironbrand convokers
  A harpy (Vaults:1)
  A shadow dragon zombie (Vaults:3)
  11 necromancers
  26 orc knights
  26 deep elf archers
  An iron dragon zombie (Crypt:3)
  2 cyclopes (shapeshifter)
  A harpy (shapeshifter) (Depths:1)
  9 mana vipers
  11 orc sorcerers
  5 oklob plants (Zig:8)
  2 stone giant zombies
  An orb spider (shapeshifter) (Depths:3)
  93 deep elf magi
  8 wolf spiders
  40 ugly things
  A fire giant zombie (Zig:6)
  9 salamanders
  A salamander (shapeshifter) (Vaults:2)
  A shadow dragon skeleton (Crypt:3)
  8 cyclopes
  4 elephants (Lair:6)
  A fire giant skeleton (Zig:9)
  A moth of wrath (Lair:2)
  2 eyes of devastation
  2 ice statues (IceCv)
  21 vault sentinels
  6 guardian serpents
  A stone giant skeleton (Crypt:3)
  Maurice (Orc:2)
  A black mamba (shapeshifter) (Depths:1)
  3 orange demons (Swamp:4)
  8 gargoyles
  A smoke demon (Zig:10)
  29 naga magi
  An eye of devastation (shapeshifter) (Zig:12)
  2 guardian serpents (shapeshifter)
  2 rust devils
  33 black mambas
  A shock serpent zombie (Crypt:2)
  17 spiny frogs
  A torpor snail (Zig:11)
  A torpor snail (shapeshifter) (D:14)
  8 freezing wraiths
  7 rime drakes
  A catoblepas zombie (Crypt:3)
  2 hellions
  9 komodo dragons
  65 yaktaurs
  2 demonic crawlers (Zig:11)
  15 ice devils
  A spriggan skeleton (Zig:6)
  6 tengu conjurers
  2 yaktaur skeletons
  A troll (shapeshifter) (Vaults:2)
  A red devil (Orc:2)
  4 jumping spiders
  A meliai (shapeshifter) (Depths:4)
  6 polar bears
  A harpy zombie (Crypt:3)
  22 blink frogs
  12 trolls
  A jumping spider (shapeshifter) (Vaults:3)
  6 tyrant leeches
  A slime creature (shapeshifter) (Vaults:5)
  A hornet (shapeshifter) (Vaults:4)
  A polar bear (shapeshifter) (Depths:3)
  A wind drake (Lair:6)
  A blink frog (shapeshifter) (Depths:2)
  31 hornets
  67 slime creatures
  13 bog bodies
  3 hippogriffs (shapeshifter)
  10 hippogriffs
  A snapping turtle (shapeshifter) (Vaults:3)
  5 dream sheep (Lair:5)
  2 alligator zombies
  3 raiju
  A frost giant simulacrum (Zig:10)
  An ettin skeleton (Zig:6)
  A redback (shapeshifter) (Zig:12)
  34 flying skulls (Crypt:3)
  18 air elementals
  3 tarantellas
  15 starcursed masses
  A stone giant simulacrum (Vaults:3)
  An ice dragon skeleton (Crypt:2)
  15 water elementals
  5 ynoxinuls
  5 redbacks
  18 spriggans
  2 fire elementals (Elf:1)
  8 shadows
  7 wyverns
  A basilisk (shapeshifter) (Depths:3)
  14 wraiths
  4 basilisks
  35 yaks
  10 large abominations
  A hungry ghost (D:14)
  4 chaos spawn
  16 humans (D:14)
  A human (shapeshifter) (Depths:4)
  Menkaure (D:5)
  A human simulacrum (Vaults:2)
  2 neqoxecs
  4 wargs
  18 vampire mosquitoes
  A warg (shapeshifter) (Vaults:1)
  48 nagas
  A soldier ant (D:14)
  26 insubstantial wisps
  16 swamp worms
  Edmund (D:5)
  3 acid dragons
  2 floating eyes
  20 water moccasins
  A spiny frog zombie (Crypt:3)
  A water moccasin (shapeshifter) (D:10)
  2 floating eyes (shapeshifter) (Vaults:5)
  A faun skeleton (Crypt:1)
  13 porcupines
  3 hell hounds
  10 swamp drakes
  A merfolk skeleton (Crypt:1)
  An ice beast (shapeshifter) (D:13)
  48 orc warriors
  A two-headed ogre skeleton (Crypt:2)
  An infernal demonspawn skeleton (Crypt:2)
  10 ice beasts
  8 sky beasts
  9 black bears
  5 necrophages
  3 hornet zombies
  A phantom (D:9)
  39 ogres
  48 wolves
  A hog zombie (Crypt:2)
  13 boggarts
  12 centaurs
  6 eyes of draining
  A dream sheep skeleton (Crypt:1)
  A snapping turtle skeleton (Crypt:3)
  25 crocodiles
  2 human zombies (Vaults:3)
  4 small abominations
  6 big kobolds
  17 bullfrogs
  3 earth elementals
  An elf skeleton (Crypt:1)
  A wyvern zombie (D:13)
  6 scorpions
  A wyvern skeleton (D:11)
  4 killer bees (D:7)
  7 electric eels
  A warg skeleton (Crypt:1)
  5 wights (D:15)
  4 centaur zombies
  8 crimson imps
  6 howler monkeys
  A bullfrog zombie (D:11)
  2 quasits
  3 jellies
  32 orc priests
  9 centaur skeletons
  8 hounds
  5 bullfrog skeletons
  A black bear zombie (Crypt:1)
  2 iguanas
  26 orc wizards
  15 worker ants
  2 hell rats (Lair:2)
  A killer bee zombie (D:8)
  A tengu zombie (Crypt:3)
  2 hound zombies (D:3)
  A demigod skeleton (Crypt:2)
  A hound skeleton (D:4)
  2 howler monkey zombies
  A worker ant zombie (D:3)
  3 gnolls (D:9)
  17 adders
  8 river rats (Lair:2)
  8 shadow imps
  5 white imps (IceCv)
  An ooze (D:6)
  8 ufetubi (IceCv)
  An adder skeleton (D:3)
  A dart slug (shapeshifter) (D:10)
  A dart slug (D:1)
  6 leopard geckos
  103 orcs
  8 ball pythons
  6 bats
  A bat skeleton (Crypt:2)
  4 giant cockroaches
  5 goblins
  11 hobgoblins
  11 jackals
  27 kobolds
  9 quokkas
  A ball python skeleton (Crypt:1)
  2 frilled lizards (D:2)
  2 giant cockroach zombies
  A jackal zombie (D:3)
  A leopard gecko skeleton (D:3)
  2 quokka skeletons
  3 quokka zombies
  7 rats
  2 briar patches (Swamp:3)
  A fungus (Lair:4)
  6 plants
2800 creatures vanquished.

Vanquished Creatures (collateral kills)
  A vault warden (Zig:12)
  A war gargoyle (Zig:12)
  A spark wasp (Zig:11)
  A two-headed ogre (Depths:2)
  A deep elf knight (Elf:2)
  A deep elf mage (Elf:1)
  A chaos spawn (Zig:10)
7 creatures vanquished.

Vanquished Creatures (others)
  A sphinx (Vaults:5)
  A fire giant (Depths:1)
  A stone giant (Vaults:4)
  A war gargoyle (Zig:13)
  A vault guard (Vaults:5)
  A death knight (Vaults:4)
  A deep elf knight (Elf:1)
  A flayed ghost (Vaults:4)
  2 unseen horrors
  A deep elf archer (Elf:2)
  A wizard (Depths:2)
  A deep elf mage (Elf:2)
  A spiny frog (Swamp:4)
  A freezing wraith (Vaults:5)
  A spriggan (Swamp:1)
  A shadow (Swamp:4)
  2 chaos spawn (Depths:4)
  A small abomination (Depths:4)
  A swamp drake (shapeshifter) (Vaults:5)
  An orc warrior (Vaults:4)
  A black bear (shapeshifter) (Vaults:5)
  2 ogres
  A boggart (Depths:2)
  An earth elemental (Zig:13)
  2 white imps (IceCv)
  2 ufetubi (IceCv)
  A ball lightning (Vaults:2)
  3 orcs
  A fire vortex (Lair:4)
  23 fungi
  55 plants
114 creatures vanquished.

Grand Total: 2921 creatures vanquished

Notes
Turn   | Place    | Note
-------+----------+-------------------------------------------
     0 | D:1      | Gorglomux the Formicid Warper began the quest for the Orb.
     0 | D:1      | Reached XP level 1. HP: 16/16 MP: 3/3
    14 | D:1      | Found a snail-covered altar of Cheibriados.
    37 | D:1      | Became a worshipper of Cheibriados the Contemplative
   348 | D:1      | Reached XP level 2. HP: 16/22 MP: 5/5
   544 | D:1      | Reached skill level 3 in Maces & Flails
   882 | D:1      | Reached XP level 3. HP: 26/27 MP: 6/6
  1193 | D:2      | Reached * piety under Cheibriados
  1501 | D:2      | Reached XP level 4. HP: 33/33 MP: 7/7
  1526 | D:2      | Reached skill level 4 in Maces & Flails
  1528 | D:2      | HP: 8/33 [poisoned by an adder]
  1644 | D:2      | Learned a level 2 spell: Shroud of Golubria
  1947 | D:3      | Found a faded altar of an unknown god.
  2022 | D:3      | Found a blossoming altar of Fedhas.
  2217 | D:3      | Reached ** piety under Cheibriados
  2274 | D:3      | Reached skill level 5 in Maces & Flails
  2274 | D:3      | Reached XP level 5. HP: 30/38 MP: 8/8
  2676 | D:3      | Found a stormy altar of Qazlal.
  2697 | D:3      | HP: 9/38 [worker ant zombie (2)]
  3015 | D:3      | Reached XP level 6. HP: 43/44 MP: 9/9
  3229 | D:3      | Reached skill level 6 in Maces & Flails
  3461 | D:4      | Reached *** piety under Cheibriados
  3599 | D:4      | Found Muafutu's Assorted Antiques.
  3641 | D:4      | Bought a scroll labeled UWUQOSKIASI for 29 gold pieces
  3641 | D:4      | Bought a golden potion for 26 gold pieces
  3641 | D:4      | Bought a scroll labeled ROPRUC YZOOCH for 29 gold pieces
  3641 | D:4      | Bought a fizzy ruby potion for 26 gold pieces
  3641 | D:4      | Bought a scroll labeled HEZXA NESE for 29 gold pieces
  3704 | D:4      | Gained mutation: You are dopey. (Int -2) [potion of mutation]
  3704 | D:4      | Gained mutation: Your spells are a little harder to cast, but a little more powerful. [potion of mutation]
  3704 | D:4      | HP: 10/46 [orc wizard/enchanted dagger (2)]
  3710 | D:4      | HP: 12/69 [orc wizard/magic dart (5)]
  4012 | D:4      | Reached skill level 3 in Fighting
  4012 | D:4      | Reached XP level 7. HP: 30/52 MP: 10/10
  4374 | D:4      | Reached skill level 7 in Maces & Flails
  4952 | D:5      | Entered Level 5 of the Dungeon
  5055 | D:5      | Found a glowing silver altar of Zin.
  5101 | D:5      | Noticed Edmund
  5154 | D:5      | Reached **** piety under Cheibriados
  5159 | D:5      | Reached skill level 4 in Fighting
  5485 | D:5      | Reached skill level 1 in Invocations
  5498 | D:5      | Reached XP level 8. HP: 47/60 MP: 11/11
  5622 | D:5      | Reached skill level 2 in Invocations
  5640 | D:5      | Noticed Menkaure
  5652 | D:5      | Killed Menkaure
  5652 | D:5      | Reached skill level 8 in Maces & Flails
  5652 | D:5      | Reached skill level 3 in Invocations
  5805 | D:5      | Found a staircase to the Ecumenical Temple.
  5964 | D:5      | HP: 13/61 [Edmund/flail of protection (12)]
  5966 | D:5      | Killed Edmund
  5966 | D:5      | Reached skill level 4 in Invocations
  6647 | D:6      | Reached skill level 5 in Fighting
  6660 | D:6      | Reached XP level 9. HP: 65/68 MP: 12/12
  6662 | D:6      | Reached skill level 5 in Invocations
  6689 | D:6      | Found a basalt altar of Yredelemnul.
  6689 | D:6      | Found a hide-covered altar of Uskayaw.
  6990 | D:6      | Found a snail-covered altar of Cheibriados.
  6990 | D:6      | Found an ancient bone altar of Kikubaaqudgha.
  6992 | D:6      | Reached skill level 9 in Maces & Flails
  7184 | D:6      | Reached skill level 6 in Invocations
  7310 | D:7      | Reached ***** piety under Cheibriados
  7485 | D:7      | Reached skill level 6 in Fighting
  7490 | D:7      | Reached skill level 7 in Invocations
  7740 | D:7      | Reached XP level 10. HP: 65/77 MP: 15/15
  8010 | D:7      | Reached skill level 10 in Maces & Flails
  8010 | D:7      | Reached skill level 8 in Invocations
  8129 | D:7      | Found a deep blue altar of Sif Muna.
  8706 | D:8      | Noticed zhorgal's ghost (novice FoFi)
  8726 | D:8      | Killed zhorgal's ghost
  8726 | D:8      | Reached skill level 7 in Fighting
  8726 | D:8      | Reached skill level 9 in Invocations
  8949 | D:8      | Found a sparkling altar of Nemelex Xobeh.
  9402 | D:9      | Noticed Erolcha
  9413 | D:9      | Killed Erolcha
  9413 | D:9      | Reached skill level 10 in Invocations
  9462 | D:9      | Reached skill level 11 in Maces & Flails
  9711 | D:9      | Reached ****** piety under Cheibriados
  9711 | D:9      | Reached XP level 11. HP: 81/84 MP: 18/18
 10323 | D:10     | Entered Level 10 of the Dungeon
 10323 | D:10     | Found Gutua's Antique Armour Emporium.
 10550 | D:10     | Reached skill level 8 in Fighting
 10550 | D:10     | Reached skill level 11 in Invocations
 10573 | D:10     | Found a staircase to the Lair.
 10599 | D:10     | Noticed Josephine
 10609 | D:10     | Killed Josephine
 10609 | D:10     | Reached skill level 12 in Maces & Flails
 10996 | D:10     | Found a runed door.
 11014 | D:10     | Found a runed door.
 11014 | D:10     | Noticed a cyclops
 11014 | D:10     | Noticed a phantasmal warrior
 11014 | D:10     | Noticed a fire dragon
 11014 | D:10     | Noticed a moth of wrath
 11014 | D:10     | a cyclops changed into a moth of wrath
 11015 | D:10     | Noticed a tengu reaver
 11015 | D:10     | Found a runed door.
 11015 | D:10     | Noticed a deep elf archer
 11015 | D:10     | Noticed a fire dragon
 11015 | D:10     | Noticed a wolf spider
 11015 | D:10     | a moth of wrath changed into a tarantella
 11017 | D:10     | Noticed a faun
 11017 | D:10     | Noticed a catoblepas
 11017 | D:10     | a faun changed into a water nymph
 11064 | D:10     | Reached skill level 12 in Invocations
 11631 | D:10     | Noticed a deep troll
 11631 | D:10     | Noticed an orc warlord
 11631 | D:10     | Noticed a ghost moth
 11631 | D:10     | Noticed a death yak
 11631 | D:10     | a ghost moth changed into a death yak
 11632 | D:10     | Noticed a six-headed hydra
 11632 | D:10     | a death yak changed into a six-headed hydra
 11633 | D:10     | Noticed a fire dragon
 11633 | D:10     | a six-headed hydra changed into a fire dragon
 11633 | D:10     | Noticed a minotaur
 11633 | D:10     | a fire dragon changed into a minotaur
 11637 | D:10     | a minotaur changed into a tyrant leech
 11754 | D:10     | Noticed a wolf spider
 11755 | D:10     | Noticed a juggernaut
 11822 | Lair:1   | Entered Level 1 of the Lair of Beasts
 12131 | Lair:1   | Reached skill level 2 in Dodging
 12491 | Lair:2   | Reached XP level 12. HP: 94/94 MP: 21/21
 12502 | Lair:2   | Reached skill level 2 in Armour
 12506 | Lair:2   | Reached skill level 9 in Fighting
 12552 | Lair:2   | Noticed Urug
 12553 | Lair:2   | Noticed Urug
 12553 | Lair:2   | Urug changed into Urug the shock serpent
 12555 | Lair:2   | Noticed Urug
 12555 | Lair:2   | Urug the shock serpent changed into Urug the death drake
 12556 | Lair:2   | Noticed Urug
 12556 | Lair:2   | Urug the death drake changed into Urug the moth of wrath
 12564 | Lair:2   | Killed Urug the moth of wrath
 12879 | Lair:2   | Reached skill level 3 in Armour
 12879 | Lair:2   | Reached skill level 3 in Dodging
 13369 | Lair:2   | Reached skill level 13 in Maces & Flails
 13860 | Lair:3   | Reached skill level 4 in Armour
 14138 | Lair:3   | Found a staircase to the Snake Pit.
 14166 | Lair:3   | Reached skill level 4 in Dodging
 14248 | Lair:3   | Reached skill level 10 in Fighting
 14295 | Lair:3   | Learned a level 4 spell: Passage of Golubria
 14621 | Lair:3   | Reached skill level 3 in Translocations
 14621 | Lair:3   | Reached XP level 13. HP: 94/103 MP: 22/22
 15137 | Lair:3   | Reached skill level 5 in Armour
 15274 | Lair:3   | Found a staircase to the Swamp.
 15324 | Lair:3   | Noticed a seven-headed hydra
 15331 | Lair:3   | Killed a seven-headed hydra
 15331 | Lair:3   | Reached skill level 4 in Translocations
 15356 | Lair:3   | Noticed a four-headed hydra
 15363 | Lair:3   | Killed a four-headed hydra
 15684 | Lair:4   | Noticed a five-headed hydra
 15697 | Lair:4   | Killed a five-headed hydra
 15697 | Lair:4   | Reached skill level 14 in Maces & Flails
 15697 | Lair:4   | Reached skill level 5 in Dodging
 16091 | Lair:4   | Noticed a six-headed hydra
 16099 | Lair:4   | Killed a six-headed hydra
 16338 | Lair:4   | Reached skill level 5 in Translocations
 17178 | Lair:5   | Got a jewelled ring mail
 17926 | Lair:6   | Entered Level 6 of the Lair of Beasts
 17926 | Lair:6   | Noticed an eight-headed hydra
 17935 | Lair:6   | Killed an eight-headed hydra
 17984 | Lair:6   | Reached skill level 3 in Spellcasting
 18021 | Lair:6   | Reached skill level 6 in Armour
 18022 | Lair:6   | Found a staircase to the Slime Pits.
 18036 | Lair:6   | Reached skill level 6 in Translocations
 18055 | Lair:6   | Reached XP level 14. HP: 48/111 MP: 10/23
 18086 | Lair:6   | HP: 16/111 [komodo dragon (17)]
 18096 | Lair:6   | HP: 19/111 [elephant (1)]
 18101 | Lair:6   | HP: 15/111 [water moccasin (5)]
 18277 | Lair:6   | Reached skill level 11 in Fighting
 18594 | Lair:6   | Found a bloodstained altar of Trog.
 18600 | Lair:6   | HP: 20/113 [komodo dragon (16)]
 18611 | Lair:6   | HP: 17/113 [wyvern (8)]
 18838 | Lair:6   | Reached skill level 6 in Dodging
 18889 | Lair:6   | Reached skill level 4 in Spellcasting
 19296 | Lair:6   | Reached skill level 7 in Translocations
 19492 | Lair:6   | Reached skill level 7 in Armour
 19651 | Lair:6   | Reached skill level 15 in Maces & Flails
 19755 | Lair:6   | Identified the +4 ring mail "Utwaas" {*Slow rPois rC+} (You found it on level 5 of the Lair of Beasts)
 19786 | Lair:6   | Learned a level 3 spell: Regeneration
 21323 | D:11     | Reached XP level 15. HP: 119/119 MP: 24/24
 21334 | D:11     | Reached skill level 8 in Translocations
 21400 | D:11     | Found Zanukh's Weapon Emporium.
 21406 | D:11     | Found a staircase to the Orcish Mines.
 21420 | D:11     | Found Justuxec's Armour Emporium.
 21432 | D:11     | Gorglomux: ??BONG
 21432 | D:11     | beem: I don't have a page labeled BONG in my learndb. Did you mean: bog, borg, gong, hong, long, mong, bones.
 21432 | D:11     | Gorglomux: ??gong
 21432 | D:11     | beem: GONNNNG!
 21432 | D:11     | beem: shield of the gong[1/3]: +18 shield {rElec rN+ MR+ EV-5} This shield will surely be heard!
 21432 | D:11     | Gorglomux: ??gong[2
 21432 | D:11     | beem: GONNNNG!
 21432 | D:11     | beem: shield of the gong[2/3]: HI GUYS IM HERE, just wanted to let you know im here with a gong!
 21432 | D:11     | Gorglomux: ??gong[3
 21432 | D:11     | beem: BOUMMMMG!
 21432 | D:11     | beem: shield of the gong[3/3]: I'm pretty sure the only abuse caused by shield of the gong is applied directly to the character using it
 21432 | D:11     | Bought the +18 shield of the Gong {rElec rN+ MR+ EV-5} for 1264 gold pieces
 21523 | D:11     | Reached skill level 1 in Shields
 21710 | D:11     | Reached skill level 2 in Shields
 21721 | D:11     | Reached skill level 3 in Shields
 22274 | D:12     | Reached skill level 4 in Shields
 22380 | D:12     | Reached skill level 5 in Shields
 23037 | D:13     | Reached skill level 6 in Shields
 23077 | D:13     | Noticed Sonja
 23083 | D:13     | Killed Sonja
 23101 | D:13     | Noticed Rupert
 23117 | D:13     | Killed Rupert
 23117 | D:13     | Reached skill level 7 in Shields
 23130 | D:13     | Reached skill level 8 in Shields
 23739 | D:13     | Reached skill level 9 in Shields
 23791 | D:14     | Found a gate to the Vaults.
 23793 | D:14     | Reached skill level 10 in Shields
 23833 | D:14     | Reached skill level 11 in Shields
 24311 | D:14     | Reached skill level 5 in Spellcasting
 24311 | D:14     | Reached skill level 1 in Necromancy
 24380 | D:14     | Found a basalt altar of Yredelemnul.
 24447 | D:14     | Reached skill level 1 in Charms
 24467 | D:14     | Reached skill level 2 in Necromancy
 24467 | D:14     | Reached XP level 16. HP: 71/126 MP: 22/25
 24859 | D:14     | Identified 2 scrolls of acquirement
 24867 | D:14     | Got a scorched flail
 24895 | D:14     | Identified the +4 flail of Youthful Indiscretion {venom, rC+ rN+ Str+3} (You acquired it on level 14 of the Dungeon)
 25227 | D:14     | Reached skill level 2 in Charms
 25473 | D:15     | Entered Level 15 of the Dungeon
 25504 | D:15     | Reached skill level 3 in Necromancy
 25549 | D:15     | Reached skill level 3 in Charms
 25555 | D:15     | Reached skill level 6 in Spellcasting
 25616 | D:15     | Noticed a fire giant
 25628 | D:15     | Killed a fire giant
 25647 | D:15     | Reached skill level 4 in Necromancy
 25678 | D:15     | Found a staircase to the Depths.
 25687 | D:15     | Reached skill level 4 in Charms
 25725 | D:15     | Found Tacvaimi's Antique Weapon Boutique.
 26109 | D:15     | Identified the ring "Netesyhu" {+Blink +Fly rElec rF+ Slay+3} (You found it on level 15 of the Dungeon)
 26599 | Orc:1    | Entered Level 1 of the Orcish Mines
 26690 | Orc:2    | Entered Level 2 of the Orcish Mines
 26690 | Orc:2    | Noticed Maurice
 26703 | Orc:2    | Killed Maurice
 26747 | Orc:2    | Noticed Saint Roka
 26767 | Orc:2    | Killed Saint Roka
 26767 | Orc:2    | Reached skill level 9 in Translocations
 27104 | Orc:2    | Found a staircase to the Elven Halls.
 27500 | Orc:2    | Found Puekoxiv's Food Shop.
 27525 | Orc:2    | Reached skill level 5 in Necromancy
 27526 | Orc:2    | Reached skill level 5 in Charms
 27531 | Orc:2    | Found Raqinn's Distillery.
 27739 | Orc:2    | Bought a potion of experience for 500 gold pieces
 27739 | Orc:2    | Bought a potion of heal wounds for 50 gold pieces
 27739 | Orc:2    | Reached skill level 7 in Spellcasting
 27739 | Orc:2    | Reached XP level 17. HP: 131/131 MP: 26/28
 27814 | Orc:2    | Gained mutation: Scrolls take you a little longer to read. [a neqoxec]
 27822 | Orc:2    | Lost mutation: Scrolls take you a little longer to read. [potion of mutation]
 27822 | Orc:2    | Lost mutation: You are dopey. (Int -2) [potion of mutation]
 27822 | Orc:2    | Lost mutation: Your spells are a little harder to cast, but a little more powerful. [potion of mutation]
 27822 | Orc:2    | Gained mutation: Scrolls take you a little longer to read. [potion of mutation]
 27822 | Orc:2    | Gained mutation: You are partially covered in iridescent scales. (AC +2) [potion of mutation]
 27823 | Orc:2    | Lost mutation: Scrolls take you a little longer to read. [potion of mutation]
 27823 | Orc:2    | Gained mutation: Armour fits poorly on your strangely shaped body. [potion of mutation]
 27823 | Orc:2    | Gained mutation: You are surrounded by a mild repulsion field. (EV +2) [potion of mutation]
 27851 | Orc:2    | Reached skill level 6 in Necromancy
 27861 | Orc:2    | Reached skill level 6 in Charms
 27967 | Orc:2    | Reached skill level 8 in Spellcasting
 27974 | Orc:2    | HP: 32/131 [soul eater/drain life[an orc high priest] (5)]
 27977 | Orc:2    | HP: 15/131 [ynoxinul/iron shot[an orc high priest] (18)]
 27982 | Orc:2    | HP: 15/131 [hellwing[an orc high priest] (6)]
 27986 | Orc:2    | HP: 1/131 [orc high priest/divine providence (15)]
 28102 | Orc:2    | Found Quidal's Antique Armour Emporium.
 28102 | Orc:2    | Found Zoaptofuwe's Gadget Shoppe.
 28103 | Orc:2    | Found a one-way gate leading to the halls of Pandemonium.
 28481 | D:10     | Found a runed door.
 28485 | D:10     | Reached skill level 10 in Translocations
 28486 | D:10     | Killed a tengu reaver
 28486 | D:10     | Reached XP level 18. HP: 138/138 MP: 24/30
 28528 | D:10     | Reached skill level 7 in Necromancy
 28757 | D:10     | Reached skill level 7 in Charms
 28774 | D:10     | Noticed nubinia's ghost (journeyman TeSu)
 28777 | D:10     | Killed nubinia's ghost
 28874 | D:10     | Got a steaming morningstar {antimagic}
 28875 | D:10     | Identified the +7 morningstar of Vouskate {antimagic, Fragile rElec rC++ Stlth-} (You took it off a deep elf mage on level 10 of the Dungeon)
 28957 | D:10     | Found a runed door.
 29028 | D:10     | Found a runed door.
 29318 | Snake:1  | Entered Level 1 of the Snake Pit
 29338 | Snake:1  | Reached skill level 9 in Spellcasting
 29362 | Snake:1  | Noticed Aizul
 29368 | Lair:3   | HP: 20/138 [naga mage/poison arrow (15)]
 29373 | Lair:3   | HP: 23/138 [poisoned by a naga mage (poison arrow)]
 29378 | Lair:3   | HP: 22/138 [naga mage (3)]
 29383 | Lair:3   | HP: 20/138 [poisoned by a naga mage (poison arrow)]
 29388 | Lair:3   | HP: 25/138 [poisoned by a naga (splash of poison)]
 29393 | Lair:3   | HP: 23/138 [naga/short sword (3)]
 29398 | Lair:3   | HP: 31/138 [poisoned by a naga (splash of poison)]
 29481 | Snake:1  | Killed Aizul
 29489 | Snake:1  | Found Heukkidu's General Store.
 29493 | Snake:1  | Found Dewkif's General Store.
 29543 | Snake:1  | Reached skill level 8 in Necromancy
 29549 | Snake:1  | Bought a potion of mutation for 144 gold pieces
 29557 | Snake:1  | Lost mutation: Armour fits poorly on your strangely shaped body. [potion of mutation]
 29557 | Snake:1  | Lost mutation: You are partially covered in iridescent scales. (AC +2) [potion of mutation]
 29557 | Snake:1  | Lost mutation: You are surrounded by a mild repulsion field. (EV +2) [potion of mutation]
 29557 | Snake:1  | Gained mutation: Your flesh is cold resistant. (rC+) [potion of mutation]
 29557 | Snake:1  | Gained mutation: Your spells are a little harder to cast, but a little more powerful. [potion of mutation]
 29558 | Snake:1  | Bought a potion of curing for 51 gold pieces
 29881 | Snake:1  | Noticed Roxanne
 29891 | Snake:1  | HP: 2/138 [Roxanne/crystal spear (36)]
 30508 | Snake:1  | Learned a level 6 spell: Dispersal
 30672 | Snake:2  | Noticed Vashnia
 30695 | Snake:2  | Killed Vashnia
 30695 | Snake:2  | Reached skill level 8 in Charms
 30722 | Snake:2  | Reached skill level 11 in Translocations
 30793 | Snake:2  | Reached skill level 10 in Spellcasting
 30875 | Snake:2  | HP: 31/138 [naga warrior/short sword (6)]
 30880 | Snake:2  | HP: 30/138 [naga warrior/short sword (2)]
 30900 | Snake:2  | Learned a level 2 spell: Song of Slaying
 31595 | Snake:2  | Reached skill level 9 in Charms
 31625 | Snake:2  | Reached XP level 19. HP: 141/144 MP: 29/33
 32064 | Snake:2  | Found Biemno Iriji's Weapon Shoppe.
 32419 | Snake:3  | Reached skill level 11 in Spellcasting
 32785 | Snake:3  | Found Rimy's Distillery.
 32791 | Snake:3  | Bought a potion of curing for 39 gold pieces
 32791 | Snake:3  | Bought a potion of resistance for 130 gold pieces
 32791 | Snake:3  | Bought a potion of might for 52 gold pieces
 33065 | Snake:3  | Reached skill level 12 in Translocations
 33213 | Snake:3  | Reached skill level 10 in Charms
 33523 | Snake:4  | Entered Level 4 of the Snake Pit
 33583 | Snake:4  | Noticed Malvoorn's ghost (adept DsBe)
 33603 | Snake:4  | Killed Malvoorn's ghost
 34235 | Snake:4  | Reached skill level 12 in Spellcasting
 34687 | Snake:4  | HP: 36/144 [nagaraja/spear (4)]
 34692 | Snake:4  | HP: 20/144 [poisoned by a naga mage (splash of poison)]
 34697 | Snake:3  | HP: 19/144 [poisoned by a naga mage (splash of poison)]
 34702 | Snake:3  | HP: 21/144 [poisoned by a naga mage (splash of poison)]
 34707 | Snake:3  | HP: 22/144 [poisoned by a naga mage (splash of poison)]
 34712 | Snake:3  | HP: 26/144 [poisoned by a naga mage (splash of poison)]
 34719 | Snake:3  | HP: 33/144 [poisoned by a naga mage (splash of poison)]
 35288 | Snake:4  | Reached skill level 8 in Armour
 35293 | Snake:4  | Reached skill level 13 in Translocations
 35302 | Snake:4  | Reached XP level 20. HP: 147/151 MP: 31/36
 35481 | Snake:4  | Got a serpentine rune of Zot
 35946 | Swamp:1  | Entered Level 1 of the Swamp
 35959 | Swamp:1  | Reached skill level 9 in Armour
 36493 | Swamp:1  | Reached skill level 10 in Armour
 37336 | Swamp:3  | Esperanza: how do you deal with the fact you have almost no escape routes
 37338 | Swamp:3  | Esperanza: I can see it making V:$ pretty horrible
 37338 | Swamp:3  | Gorglomux: nah
 37338 | Swamp:3  | Gorglomux: got pasage of golubria, dispersal
 37338 | Swamp:3  | Gorglomux: i can shaft myself or just step from time
 37370 | Swamp:3  | Esperanza: also considering that you're often going to be surrounded, why maces and not axes?
 37411 | Swamp:3  | Reached skill level 11 in Armour
 37970 | Swamp:4  | Entered Level 4 of the Swamp
 38043 | Swamp:4  | HP: 33/151 [six-headed hydra[a spriggan druid] (11)]
 38045 | Swamp:4  | HP: 16/151 [six-headed hydra[a spriggan druid] (7)]
 38047 | Swamp:4  | HP: 5/151 [six-headed hydra[a spriggan druid] (11)]
 38052 | Swamp:4  | Noticed Nikola
 38052 | Swamp:4  | HP: 25/151 [six-headed hydra (2)]
 38053 | Swamp:4  | Reached skill level 12 in Armour
 38054 | Swamp:4  | HP: 4/151 [six-headed hydra (9)]
 38065 | Swamp:3  | Gorglomux: because i mostly lure them in a killhole, and swamp isnt good for this
 38222 | Swamp:3  | HP: 32/151 [briar patch's spines[a thorn hunter] (10)]
 38222 | Swamp:3  | HP: 5/151 [thorn hunter/volley of thorns (29)]
 38228 | Swamp:3  | HP: 21/151 [thorn hunter (2)]
 38378 | Swamp:4  | Killed Nikola
 38378 | Swamp:4  | Reached skill level 14 in Translocations
 38817 | Swamp:4  | Noticed Louise
 38821 | Swamp:4  | Reached XP level 21. HP: 135/157 MP: 37/37
 38833 | Swamp:4  | Killed Louise
 38833 | Swamp:4  | Reached skill level 13 in Armour
 39029 | Swamp:4  | Noticed the 27-headed Lernaean hydra
 39065 | Swamp:4  | HP: 39/157 [the 27-headed Lernaean hydra (11)]
 39066 | Swamp:4  | HP: 18/157 [the 27-headed Lernaean hydra (4)]
 39066 | Swamp:4  | HP: 5/157 [the 27-headed Lernaean hydra (8)]
 39067 | Swamp:4  | Killed the 27-headed Lernaean hydra
 39776 | Swamp:4  | Got a decaying rune of Zot
 40349 | Vaults:1 | Entered Level 1 of the Vaults
 40423 | Vaults:1 | Reached skill level 7 in Dodging
 40876 | Vaults:1 | HP: 36/158 [tentacled monstrosity (8)]
 40877 | Vaults:1 | Reached skill level 12 in Fighting
 40881 | Vaults:1 | HP: 39/159 [tentacled monstrosity (6)]
 40886 | Vaults:1 | HP: 27/159 [tentacled monstrosity (8)]
 40887 | Vaults:1 | Reached skill level 16 in Maces & Flails
 40970 | Vaults:1 | Learned a level 4 spell: Summon Lightning Spire
 41534 | Vaults:1 | Reached skill level 1 in Summonings
 41542 | Vaults:1 | Got a tiger eye-encrusted chain mail
 42462 | Vaults:2 | Reached skill level 8 in Dodging
 42465 | Vaults:2 | Reached skill level 2 in Summonings
 42744 | Vaults:2 | Reached XP level 22. HP: 161/167 MP: 38/38
 42755 | Vaults:2 | Reached skill level 3 in Summonings
 42890 | Vaults:2 | Identified the +6 chain mail of Ruhouxte {rC- rCorr Slay+6} (You took it off an orc knight on level 1 of the Vaults)
 43378 | Vaults:2 | Reached skill level 4 in Summonings
 43461 | Vaults:2 | Reached skill level 17 in Maces & Flails
 43467 | Vaults:2 | Reached skill level 13 in Fighting
 43467 | Vaults:2 | Reached skill level 9 in Dodging
 43543 | Vaults:2 | Found a staircase to the Crypt.
 44102 | Vaults:2 | Reached skill level 5 in Summonings
 44450 | Vaults:3 | Reached skill level 6 in Summonings
 44483 | Vaults:3 | Noticed Jory
 44499 | Vaults:2 | Killed Jory
 44510 | Vaults:2 | Reached XP level 23. HP: 70/177 MP: 33/39
 44841 | Vaults:3 | Noticed Boris
 44856 | Vaults:3 | Killed Boris
 45129 | Vaults:3 | Noticed Sojobo
 45146 | Vaults:3 | Killed Sojobo
 45148 | Vaults:3 | Reached skill level 18 in Maces & Flails
 45148 | Vaults:3 | Reached skill level 10 in Dodging
 45476 | Vaults:3 | Reached skill level 7 in Summonings
 45508 | Vaults:3 | Reached skill level 14 in Fighting
 45842 | Vaults:3 | Noticed Bai Suzhen
 45859 | Vaults:3 | Killed Bai Suzhen
 46105 | Vaults:4 | Reached skill level 8 in Summonings
 46166 | Vaults:4 | HP: 39/179 [frost giant/bolt of cold (49)]
 46711 | Vaults:4 | Reached XP level 24. HP: 173/187 MP: 30/39
 46728 | Vaults:4 | Reached skill level 19 in Maces & Flails
 47227 | Vaults:2 | Reached skill level 11 in Dodging
 47281 | Vaults:1 | Reached skill level 9 in Summonings
 47489 | Depths:1 | Entered Level 1 of the Depths
 47567 | Depths:1 | Reached skill level 15 in Fighting
 47569 | Depths:1 | HP: 47/188 [stone giant/large rock (32)]
 47577 | Depths:1 | HP: 31/188 [poisoned by an ogre mage (bolt of poison)]
 47578 | Depths:1 | HP: 13/188 [fire giant/fireball (19)]
 47587 | Depths:1 | HP: 23/188 [ogre mage/bolt of poison (18)]
 47593 | Depths:1 | HP: 25/188 [poisoned by an ogre mage (bolt of poison)]
 47598 | Depths:1 | HP: 29/188 [poisoned by an ogre mage (bolt of poison)]
 47599 | Depths:1 | HP: 11/188 [ogre mage/bolt of poison (19)]
 47604 | Depths:1 | HP: 14/188 [poisoned by an ogre mage (bolt of poison)]
 47610 | Depths:1 | HP: 18/188 [poisoned by an ogre mage (bolt of poison)]
 47615 | Depths:1 | Noticed a golden dragon
 47615 | Depths:1 | HP: 23/188 [poisoned by an ogre mage (bolt of poison)]
 47621 | Depths:1 | HP: 26/188 [poisoned by an ogre mage (bolt of poison)]
 47628 | Depths:1 | HP: 32/188 [poisoned by an ogre mage (bolt of poison)]
 47631 | Depths:1 | HP: 9/188 [golden dragon/bolt of fire (15)]
 47637 | Depths:1 | HP: 20/188 [poisoned by an ogre mage (bolt of poison)]
 47643 | Depths:1 | HP: 35/188 [poisoned by an ogre mage (bolt of poison)]
 47815 | Depths:1 | HP: 42/189 [golden dragon/bolt of cold (25)]
 47821 | Depths:1 | HP: 37/189 [poisoned by an ogre mage (bolt of poison)]
 47827 | Depths:1 | HP: 32/189 [poisoned by an ogre mage (bolt of poison)]
 47832 | Depths:1 | HP: 37/189 [poisoned by an ogre mage (bolt of poison)]
 48024 | Depths:1 | Got a flickering garnet amulet
 48076 | Depths:1 | Killed a golden dragon
 48107 | Depths:1 | Found a gateway to Hell.
 48304 | Depths:1 | Identified the amulet "Kiuxiohe" {Spirit rElec Str+3} (You took it off a spriggan air mage on level 1 of the Depths)
 48480 | Depths:1 | Reached skill level 10 in Summonings
 48492 | Depths:1 | Found Igrowink's Magic Scroll Shop.
 48493 | Depths:1 | Found Gokiog's Jewellery Shop.
 48493 | Depths:1 | Found Xygosef's Weapon Boutique.
 48496 | Depths:1 | Found Ojish's Distillery.
 48504 | Depths:1 | Bought a potion of might for 60 gold pieces
 48504 | Depths:1 | Bought a potion of curing for 45 gold pieces
 48504 | Depths:1 | Bought a potion of magic for 120 gold pieces
 49061 | Depths:2 | Reached skill level 20 in Maces & Flails
 49078 | Depths:2 | Reached XP level 25. HP: 173/195 MP: 39/39
 49349 | Depths:1 | Bought a +2 vampiric battleaxe for 661 gold pieces
 49785 | Depths:2 | Reached skill level 1 in Axes
 49808 | Depths:2 | Reached skill level 2 in Axes
 49978 | Depths:2 | HP: 49/196 [frost giant/bolt of cold (9)]
 50098 | Depths:2 | Reached skill level 3 in Axes
 50104 | Depths:2 | Reached skill level 12 in Dodging
 50392 | Depths:3 | Reached skill level 4 in Axes
 50488 | Depths:2 | Reached skill level 16 in Fighting
 50511 | Depths:3 | Reached skill level 5 in Axes
 50532 | Depths:3 | Reached skill level 6 in Axes
 50543 | Depths:3 | Reached skill level 11 in Summonings
 50609 | Depths:3 | Noticed an ancient lich
 50623 | Depths:3 | Killed an ancient lich
 50664 | Depths:3 | Reached skill level 7 in Axes
 50733 | Depths:3 | Noticed a juggernaut
 50753 | Depths:3 | Killed a juggernaut
 50802 | Depths:3 | Reached skill level 8 in Axes
 50974 | Depths:3 | Found a one-way gate to the infinite horrors of the Abyss.
 50996 | Depths:2 | Got an encrusted quarterstaff
 51012 | Depths:3 | Reached XP level 26. HP: 206/206 MP: 39/39
 51681 | Depths:4 | Noticed Boris
 51699 | Depths:3 | Killed Boris
 51742 | Depths:3 | Reached skill level 9 in Axes
 51794 | Depths:4 | Reached skill level 13 in Dodging
 51844 | Depths:4 | HP: 51/206 [ice dragon/blast of cold (33)]
 51845 | Depths:4 | Reached skill level 12 in Summonings
 51852 | Depths:4 | Noticed Margery
 51868 | Depths:4 | Killed Margery
 51868 | Depths:4 | Reached skill level 10 in Axes
 51887 | Depths:4 | Noticed Frederick
 51906 | Depths:4 | Killed Frederick
 52230 | Depths:4 | Reached skill level 11 in Axes
 52235 | Depths:4 | Found a runed door.
 52276 | Depths:4 | Noticed a shard shrike
 52276 | Depths:4 | a titan changed into a shard shrike
 52285 | Depths:4 | Killed a shard shrike
 52986 | Depths:4 | Found a gateway to a ziggurat.
 53152 | Depths:4 | Reached skill level 12 in Axes
 53169 | Depths:5 | Entered Level 5 of the Depths
 53216 | Depths:5 | Reached XP level 27. HP: 160/212 MP: 39/39
 53233 | Depths:5 | Found a runed door.
 53278 | Depths:4 | Reached skill level 13 in Summonings
 53299 | Depths:4 | Got a faintly humming robe
 53382 | Depths:5 | Noticed a juggernaut
 53406 | Depths:5 | Killed a juggernaut
 53426 | Depths:5 | Reached skill level 14 in Dodging
 53510 | Depths:5 | Reached skill level 13 in Axes
 53579 | Depths:5 | Found a gate to the Realm of Zot.
 53663 | Depths:5 | Found Sudass's Book Emporium.
 53710 | Depths:5 | Found a runed warning-scrawled door.
 54305 | Depths:5 | Found a runed door.
 54672 | Elf:1    | Entered Level 1 of the Elven Halls
 54767 | Elf:1    | Noticed Asterion
 54784 | Elf:1    | Killed Asterion
 54808 | Elf:1    | Reached skill level 14 in Axes
 54860 | Elf:1    | Found a frozen archway.
 54887 | IceCv    | Entered an ice cave
 55015 | IceCv    | HP: 41/208 [Ice Fiend (34)]
 55018 | IceCv    | Reached skill level 14 in Summonings
 55152 | IceCv    | HP: 44/208 [something (58)]
 55774 | Elf:1    | Identified the Grimoire of Weightlessness
 56316 | Elf:2    | Found a runed gate.
 56342 | Elf:2    | Found a runed gate.
 56343 | Elf:2    | Found a runed gate.
 56387 | Elf:2    | Reached skill level 15 in Dodging
 56431 | Elf:2    | Reached skill level 15 in Axes
 57092 | Elf:3    | Entered Level 3 of the Elven Halls
 57494 | Elf:3    | Got a faintly humming chain mail
 57505 | Elf:3    | Identified the +3 chain mail of Lilacs {rC+} (You found it on level 3 of the Elven Halls)
 57838 | Elf:3    | Got an ancient granite ring
 57902 | Elf:3    | Reached skill level 15 in Summonings
 57945 | Elf:3    | Got a pair of twisted boots
 57956 | Elf:3    | Identified the +1 pair of boots "Voapt" {-Cast rF+ Dex+4} (You found it on level 3 of the Elven Halls)
 57972 | Elf:3    | Identified the Volume of Unholy Contamination
 57984 | Elf:3    | Identified Sif Muna's Compendium of Lightness and Sinister Magic
 58031 | Elf:3    | Got a spiked ring mail
 58045 | Elf:3    | Identified the Compendium of Freezing Dark Arts
 58735 | Vaults:2 | Identified the ring of Egomania {*Slow Str+5 Int+4 Stlth+} (You took it off a deep elf annihilator on level 3 of the Elven Halls)
 58804 | Crypt:1  | Entered Level 1 of the Crypt
 58843 | Crypt:1  | Reached skill level 16 in Axes
 59988 | Crypt:2  | HP: 33/209 [??? (25)]
 60359 | Crypt:3  | Entered Level 3 of the Crypt
 60478 | Crypt:3  | Reached skill level 16 in Summonings
 60481 | Crypt:3  | Reached skill level 17 in Fighting
 60653 | Crypt:3  | Noticed an ancient lich
 60667 | Crypt:3  | Reached skill level 13 in Spellcasting
 60700 | Crypt:3  | Got a translucent ruby amulet
 60842 | Crypt:3  | Identified the amulet of Yti Nuyr {Regen+ Dex+4 SInv} (You took it off a hell knight on level 3 of the Crypt)
 60843 | Crypt:3  | Identified the ring "Xil Ymoi" {rN+ Str+3 Int+3} (You took it off a hell knight on level 3 of the Crypt)
 60903 | Crypt:3  | Noticed an ancient lich
 60914 | Crypt:3  | Killed an ancient lich
 60914 | Crypt:3  | Reached skill level 17 in Axes
 60918 | Crypt:3  | Found a basalt altar of Yredelemnul.
 60965 | Crypt:3  | Found a staircase to the Tomb.
 61498 | Crypt:3  | Learned a level 6 spell: Shadow Creatures
 61570 | Crypt:3  | HP: 50/211 [phantasmal warrior (10)]
 61575 | Crypt:3  | HP: 26/211 [vampire knight/vampiric draining (9)]
 61740 | Crypt:3  | Identified the Papyrus of Evil Rites
 61747 | Crypt:3  | Learned a level 5 spell: Dispel Undead
 61985 | Vaults:5 | Entered Level 5 of the Vaults
 62271 | Vaults:5 | Noticed an ancient lich
 62279 | Vaults:5 | Reached skill level 17 in Summonings
 62285 | Vaults:5 | Killed an ancient lich
 62289 | Vaults:5 | Reached skill level 18 in Axes
 62313 | Vaults:5 | Reached skill level 18 in Fighting
 62328 | Vaults:5 | Reached skill level 14 in Spellcasting
 62355 | Vaults:5 | Reached skill level 18 in Summonings
 62407 | Vaults:5 | Learned a level 9 spell: Dragon's Call
 62429 | Vaults:5 | Got a clouded bronze ring
 62432 | Vaults:5 | Identified the ring "Ibagair" {rElec rN++ Str+3 Dex-4 Slay+2} (You took it off a yaktaur on level 5 of the Vaults)
 62566 | Vaults:5 | Got a pitted leather armour
 62641 | Vaults:5 | Identified the +0 pair of gloves "Voyn" {+Blink} (You found it on level 5 of the Vaults)
 62716 | Vaults:5 | Identified the cursed +0 plate armour of Dauzipp {*Corrode rC+ rN+ Dex+3} (You found it on level 5 of the Vaults)
 62853 | Vaults:5 | Got a pair of distressingly furry gloves
 62864 | Vaults:5 | Identified the +2 pair of gloves "Loghueri" {Dex+2} (You found it on level 5 of the Vaults)
 63102 | Vaults:5 | Got a silver rune of Zot
 63105 | Vaults:5 | Identified the Grimoire of Nocuous Transmutation
 63143 | Vaults:5 | Gained mutation: You are clumsy. (Dex -2) [a Zot trap]
 63143 | Vaults:5 | Gained mutation: Your body sometimes deteriorates upon taking damage. [a Zot trap]
 63167 | Vaults:5 | Lost mutation: Your body sometimes deteriorates upon taking damage. [potion of mutation]
 63167 | Vaults:5 | Lost mutation: Your spells are a little harder to cast, but a little more powerful. [potion of mutation]
 63167 | Vaults:5 | Lost mutation: You are clumsy. (Dex -2) [potion of mutation]
 63167 | Vaults:5 | Lost mutation: Your flesh is cold resistant. (rC+) [potion of mutation]
 63167 | Vaults:5 | Gained mutation: You are partially covered in large bone plates. (SH +4) [potion of mutation]
 63167 | Vaults:5 | Gained mutation: Your muscles are strong. (Str +2) [potion of mutation]
 63480 | Zig:1    | Entered Level 1 of a ziggurat
 63543 | Zig:2    | Entered Level 2 of a ziggurat
 63545 | Zig:2    | Noticed a shard shrike
 63561 | Zig:2    | Killed a shard shrike
 63561 | Zig:2    | Reached skill level 19 in Axes
 63579 | Zig:3    | Entered Level 3 of a ziggurat
 63619 | Zig:4    | Entered Level 4 of a ziggurat
 63642 | Zig:4    | Identified the Incunabulum of Feathers and Stones
 63656 | Zig:5    | Entered Level 5 of a ziggurat
 63698 | Zig:6    | Entered Level 6 of a ziggurat
 63919 | Zig:7    | Entered Level 7 of a ziggurat
 63992 | Zig:8    | Entered Level 8 of a ziggurat
 64058 | Zig:8    | Identified the Volume of Transmutation and Curses
 64062 | Zig:8    | Identified the Almanac of Stones
 64068 | Zig:9    | Entered Level 9 of a ziggurat
 64123 | Zig:9    | Identified the +8 shield "Goset Vess" {+Blink rElec Str-3} (You found it on level 9 of a ziggurat)
 64139 | Zig:10   | Entered Level 10 of a ziggurat
 64171 | Zig:10   | Gained mutation: You are frail. (-10% HP) [a neqoxec]
 64173 | Zig:10   | Reached skill level 19 in Summonings
 64234 | Zig:10   | Got a translucent ivory ring
 64236 | Zig:10   | Identified the ring "Tusm" {*Drain rF+ Str+4 Stlth+} (You found it on level 10 of a ziggurat)
 64245 | Zig:10   | Got a faintly glowing turquoise ring
 64246 | Zig:10   | Identified the ring "Vattimok" {Str+2 SInv} (You found it on level 10 of a ziggurat)
 64463 | Zig:11   | Entered Level 11 of a ziggurat
 64525 | Zig:11   | Got a faintly glowing pewter ring
 64527 | Zig:11   | Identified the ring of the Centipede {+Fly MR+ Str+2 Slay+2 Stlth+} (You acquired it on level 11 of a ziggurat)
 64557 | Zig:11   | Identified Reshomn's Disquisition on Unstable Hexes
 64622 | Zig:12   | Entered Level 12 of a ziggurat
 64647 | Zig:12   | Reached skill level 15 in Spellcasting
 64677 | Zig:12   | Reached skill level 19 in Fighting
 64737 | Zig:12   | Got twisted quicksilver dragon scales
 64739 | Zig:12   | Identified the cursed quicksilver dragon scales of Wipyi {rC+ MR+} (You found it on level 12 of a ziggurat)
 64748 | Zig:13   | Entered Level 13 of a ziggurat
 64775 | Zig:13   | Reached skill level 20 in Summonings
 64780 | Zig:13   | HP: 12/194 [crystal guardian/crystal bolt (43)]
 64792 | Zig:13   | HP: 47/198 [iron dragon/spray of metal splinters (27)]
 64797 | Zig:13   | HP: 28/198 [Hell Sentinel's spines (13)]
 64798 | Zig:13   | HP: 10/198 [iron dragon (4)]
 64798 | Zig:13   | Mangled by a crystal guardian

Vault maps used:
D:1:      lemuel_arrival_hallway, cheibriados_altar_1
D:3:      lemuel_round_altar, serial_undead, serial_undead_b, serial_undead_e,
          serial_undead_a, serial_undead_f, serial_undead_f, serial_undead_f,
          chequers_ecumenical_altar_simple_redux, fedhas_altar_fruit_tree
D:4:      serial_shops, nicolae_shop_overgrown_old_shop, first_bread,
          serial_park_tiny_1, minmay_vboxes
D:5:      old_standard_altar, minmay_temple_entry_nine_rooms,
          minmay_misc_feat_more_columns, minmay_crystal_room,
          patterned_corridor, uniq_menkaure, uniq_edmund
D:6:      gammafunk_temple_overflow_statue, gammafunk_temple_overflow_pools
D:7:      nicolae_overflow_crystal_walls
D:8:      kennysheep_little_box
D:9:      uniq_erolcha
D:10:     minmay_lair_entry_grove, serial_shops,
          nicolae_shop_overgrown_old_shop, blue_anna_alchemist,
          minmay_the_grid_triangle_9x9_rhombus_full, uniq_josephine
D:11:     hangedman_cross_stitches, orc_david_3
D:12:     cheibrodos_statue_roulette
D:13:     uniq_sonja, uniq_rupert
D:14:     david_vaults_3, kennysheep_small_spiral, yredelemnul_altar_generic
D:15:     grunt_enter_depths_giant_problem, serial_shops, shop,
          serial_park_square3
Lair:1:   infiniplex_staircase_pool
Lair:2:   kennysheep_rathole, minmay_lair_oklob_chamber, serial_bayou_shore_a,
          uniq_urug
Lair:3:   minmay_swamp_entry_swarm, guppyfry_snake_entry_island,
          serial_bayou_pond_b, wad_woods_03, infiniplex_staircase_pool_2,
          grunt_megastairs_2
Lair:4:   grunt_megastairs_5
Lair:5:   grunt_megastairs_3
Lair:6:   gammafunk_lair_ancient_temple, minmay_slime_entry_eyes,
          lab_entry_generic, basic_altar, grunt_forest_large_clearings
Swamp:1:  hangedman_swamp_blocks, swamp_pool2
Swamp:2:  serial_swamp_ruin, evilmike_swamp_ruin_house_1,
          evilmike_swamp_ruin_house_2, evilmike_swamp_ruin_house_3
Swamp:3:  nicolae_swamp_fairy_circle
Swamp:4:  swamp_vile, uniq_louise, uniq_nikola
Snake:1:  serial_shops, nicolae_shop_crystal, nicolae_shop_stone, uniq_roxanne,
          uniq_aizul
Snake:2:  kennysheep_six_static_rooms, serial_shops, shop, serial_bayou_shore_b,
          uniq_vashnia
Snake:3:  serial_shops, shop
Snake:4:  snake_pit, special_room, nicolae_snake_squiggles
Orc:1:    serial_shops, nicolae_shop_stone, trog_book
Orc:2:    pf_orc_diabolical, uniq_maurice, uniq_saint_roka
Elf:1:    minmay_elf_arrival_summoners, portal_ice_cave_entry_pillars_three,
          hangedman_elf_disciples, minmay_checkered_concentric_circles,
          uniq_asterion
Elf:2:    minivault_16
Elf:3:    elf_hall_gauntlet_wide, nicolae_trove_entry_columns
Vaults:1: nicolae_vaults_bisected_exclaves, nicolae_vaults_specimen_jars,
          st_octagons_2, v_alt_pattern_3, v_pattern_3, hangedman_vaults_hat,
          v_misc_18, vaults_room_fours, v_rooms_3,
          nicolae_vaults_ring_of_whatevers, vaults_dpeg_ring
Vaults:2: v_rooms_5, hangedman_vaults_snaps, nicolae_vaults_little_squares_3,
          v_misc_8, minmay_crypt_entry_simple_round,
          nicolae_vaults_network_square, v_rooms_6, hangedman_vaults_slice,
          vaults_room_door_ring, vaults_room_fours, vaults_room_hallway,
          nicolae_vaults_little_ls
Vaults:3: v_misc_17, vaults_mumra_minichess, st_more_cells, v_misc_14,
          vaults_room_grid, v_rooms_5, vaults_dpeg_diagonal, v_misc_11,
          grunt_vaults_bifocal, v_misc_3, vaults_mumra_chevron,
          vaults_room_corners, hangedman_vaults_slice, nicolae_vaults_rhombus_5,
          uniq_sojobo, uniq_boris, uniq_jory, uniq_bai_suzhen
Vaults:4: vaults_room_door_hall, nicolae_vaults_statue_guard,
          nicolae_vaults_puzzle_piece, nicolae_vaults_border_crossing,
          v_misc_29, nicolae_vaults_three_branches,
          nicolae_vaults_ninety_degrees, v_alt_pattern_1, vaults_room_pools,
          nicolae_vaults_little_squares_4
Crypt:2:  evilmike_wizard_prison, basic_stair_grate_trap,
          roderic_lattice_octagonal_star
Crypt:3:  cryptofortress_bobbens
Depths:1: serial_bayou_pond_a, grunt_hell_entry_dis_mu,
          hangedman_decor_opposing, minmay_multi_spiral, minmay_shoptagon
Depths:2: evilmike_pillar_path, hangedman_decor_lopped, hell_entry,
          infiniplex_staircase_zigzag_4, firewood_loft
Depths:3: minmay_bad_star, chequers_big_river, abyss_entry,
          hangedman_coc_ice_floe, pan_entry
Depths:4: kennysheep_bubble_arena, enter_ziggurat_f, minmay_room_of_horrors,
          pan_entry, hell_entry, corexii_corridor_pit, kennysheep_treasure_room,
          serial_bayou_shore_b, uniq_frederick, uniq_boris, uniq_margery
Depths:5: grunt_zot_entry_bicorn, hangedman_decor_growths, serial_shops,
          nicolae_shop_waterfront, hell_entry, mikee_hates_you
Zig:5:    ziggurat_pillar_centre_c
Zig:8:    ziggurat_pillar_centre_oklobs
IceCv:    ice_cave_small_demon

Skill      XL: |  1  2  3  4  5  6  7  8  9 10 11 12 13 14 15 16 17 18 19 20 21 22 23 24 25 26 27 |
---------------+----------------------------------------------------------------------------------+-----
Maces & Flails | 3 5 6 7 8 9 11 12 13 14 15 16 17 18 20 | 20.0
Fighting       | 3 4 5 6 7 8 10 11 12 13 14 15 16 19 | 19.1
Invocations    | 1 4 7 10 12 | 12.1
Dodging        | 2 4 5 6 8 9 10 11 12 13 15 | 15.4
Armour         | 4 6 7 8 12 13 | 13.4
Translocations | 3 6 7 8 9 10 11 13 14 | 14.3
Spellcasting   | 3 4 5 7 8 10 12 15 | 15.2
Shields        | 11 | 11.5
Necromancy     | 2 5 6 8 |  8.0
Charms         | 1 5 6 9 10 | 10.4
Summonings     | 2 6 8 10 11 12 20 | 20.1
Axes           | 8 12 19 | 19.5
Throwing       | |  1.0

Action                   |  1- 3 |  4- 6 |  7- 9 | 10-12 | 13-15 | 16-18 | 19-21 | 22-24 | 25-27 || total
-------------------------+-------+-------+-------+-------+-------+-------+-------+-------+-------++-------
Melee: Mace              |    96 |   201 |       |       |       |       |       |       |       ||   297
       Whip              |       |    11 |   268 |       |       |       |       |       |       ||   279
       Flail             |       |       |   170 |   381 |       |       |       |       |       ||   551
       Eveningstar       |       |       |       |   158 |   854 |       |       |       |       ||  1012
       Great mace        |       |       |       |       |   179 |   906 |  1888 |  1283 |     8 ||  4264
       Battleaxe         |       |       |       |       |       |       |       |       |  2523 ||  2523
       Unarmed           |       |       |       |       |       |       |       |       |     6 ||     6
Throw: Javelin           |       |    32 |    48 |    37 |    65 |    20 |    38 |    43 |    78 ||   361
       Tomahawk          |       |     2 |    23 |   112 |   290 |    91 |    79 |    36 |    69 ||   702
       Throwing net      |       |       |       |       |       |       |       |       |     1 ||     1
 Cast: Shroud of Golubri |       |     1 |       |     1 |       |    11 |    29 |    23 |    42 ||   107
       Passage of Golubr |       |       |       |       |     5 |    12 |    10 |     3 |     5 ||    35
       Regeneration      |       |       |       |       |       |    47 |   106 |    69 |   110 ||   332
       Song of Slaying   |       |       |       |       |       |     3 |    26 |    13 |    31 ||    73
       Dispersal         |       |       |       |       |       |       |     6 |     1 |       ||     7
       Summon Lightning  |       |       |       |       |       |       |       |     6 |     7 ||    13
       Shadow Creatures  |       |       |       |       |       |       |       |       |    17 ||    17
Invok: Slouch            |       |       |       |     7 |     6 |     4 |    17 |    17 |    17 ||    68
       Temporal Distorti |       |       |       |     1 |       |       |     2 |       |     2 ||     5
       Step From Time    |       |       |       |       |     1 |     1 |     5 |     3 |     3 ||    13
       Bend Time         |       |       |       |       |       |       |       |       |     1 ||     1
 Abil: Dig               |       |     3 |     3 |     4 |     5 |    13 |    13 |     4 |    16 ||    61
Evoke: Wand              |       |     1 |     2 |     7 |    16 |       |     7 |     1 |     2 ||    36
       Lamp of fire      |       |       |       |       |     1 |     1 |     2 |       |     1 ||     5
       Sack of spiders   |       |       |       |       |       |       |     3 |       |       ||     3
  Use: Potion            |       |     7 |       |     2 |     1 |     9 |     9 |     3 |    16 ||    47
       Scroll            |       |     1 |     3 |    16 |     8 |     8 |     9 |     5 |    27 ||    77
 Stab: Distracted        |       |     1 |       |       |       |     1 |     1 |     2 |    10 ||    15
       Confused          |       |       |       |       |       |       |     2 |       |       ||     2
       Invisible         |       |       |       |       |       |       |       |     6 |       ||     6
       Held in net/web   |       |       |       |       |       |       |       |       |     1 ||     1
  Eat: Chunk             |     2 |     4 |     7 |    14 |    19 |    11 |    13 |    19 |    16 ||   105
       Meat ration       |       |     1 |       |       |       |     2 |     3 |       |     7 ||    13
       Fruit             |       |       |       |       |     1 |       |       |       |     2 ||     3
       Royal jelly       |       |       |       |       |       |     1 |     1 |     1 |     6 ||     9
Armor: Leather armour    |    41 |    33 |     6 |       |       |       |       |       |       ||    80
       Skin              |       |    26 |       |       |       |       |       |       |       ||    26
       Ring mail         |       |       |    19 |       |       |       |       |       |       ||    19
       Chain mail        |       |       |    10 |       |       |       |       |   343 |   768 ||  1121
       Plate armour      |       |       |   132 |   277 |   322 |   185 |   603 |     6 |       ||  1525
Dodge: Dodged            |    89 |   168 |   280 |   377 |   590 |   153 |   287 |   340 |  1263 ||  3547
Block: Shield            |       |       |       |       |   432 |  1206 |  2889 |  1974 |  4158 || 10659

Vault maps used:
D:1:      lemuel_arrival_hallway, cheibriados_altar_1
D:3:      lemuel_round_altar, serial_undead, serial_undead_b, serial_undead_e,
          serial_undead_a, serial_undead_f, serial_undead_f, serial_undead_f,
          chequers_ecumenical_altar_simple_redux, fedhas_altar_fruit_tree
D:4:      serial_shops, nicolae_shop_overgrown_old_shop, first_bread,
          serial_park_tiny_1, minmay_vboxes
D:5:      old_standard_altar, minmay_temple_entry_nine_rooms,
          minmay_misc_feat_more_columns, minmay_crystal_room,
          patterned_corridor, uniq_menkaure, uniq_edmund
D:6:      gammafunk_temple_overflow_statue, gammafunk_temple_overflow_pools
D:7:      nicolae_overflow_crystal_walls
D:8:      kennysheep_little_box
D:9:      uniq_erolcha
D:10:     minmay_lair_entry_grove, serial_shops,
          nicolae_shop_overgrown_old_shop, blue_anna_alchemist,
          minmay_the_grid_triangle_9x9_rhombus_full, uniq_josephine
D:11:     hangedman_cross_stitches, orc_david_3
D:12:     cheibrodos_statue_roulette
D:13:     uniq_sonja, uniq_rupert
D:14:     david_vaults_3, kennysheep_small_spiral, yredelemnul_altar_generic
D:15:     grunt_enter_depths_giant_problem, serial_shops, shop,
          serial_park_square3
Lair:1:   infiniplex_staircase_pool
Lair:2:   kennysheep_rathole, minmay_lair_oklob_chamber, serial_bayou_shore_a,
          uniq_urug
Lair:3:   minmay_swamp_entry_swarm, guppyfry_snake_entry_island,
          serial_bayou_pond_b, wad_woods_03, infiniplex_staircase_pool_2,
          grunt_megastairs_2
Lair:4:   grunt_megastairs_5
Lair:5:   grunt_megastairs_3
Lair:6:   gammafunk_lair_ancient_temple, minmay_slime_entry_eyes,
          lab_entry_generic, basic_altar, grunt_forest_large_clearings
Swamp:1:  hangedman_swamp_blocks, swamp_pool2
Swamp:2:  serial_swamp_ruin, evilmike_swamp_ruin_house_1,
          evilmike_swamp_ruin_house_2, evilmike_swamp_ruin_house_3
Swamp:3:  nicolae_swamp_fairy_circle
Swamp:4:  swamp_vile, uniq_louise, uniq_nikola
Snake:1:  serial_shops, nicolae_shop_crystal, nicolae_shop_stone, uniq_roxanne,
          uniq_aizul
Snake:2:  kennysheep_six_static_rooms, serial_shops, shop, serial_bayou_shore_b,
          uniq_vashnia
Snake:3:  serial_shops, shop
Snake:4:  snake_pit, special_room, nicolae_snake_squiggles
Orc:1:    serial_shops, nicolae_shop_stone, trog_book
Orc:2:    pf_orc_diabolical, uniq_maurice, uniq_saint_roka
Elf:1:    minmay_elf_arrival_summoners, portal_ice_cave_entry_pillars_three,
          hangedman_elf_disciples, minmay_checkered_concentric_circles,
          uniq_asterion
Elf:2:    minivault_16
Elf:3:    elf_hall_gauntlet_wide, nicolae_trove_entry_columns
Vaults:1: nicolae_vaults_bisected_exclaves, nicolae_vaults_specimen_jars,
          st_octagons_2, v_alt_pattern_3, v_pattern_3, hangedman_vaults_hat,
          v_misc_18, vaults_room_fours, v_rooms_3,
          nicolae_vaults_ring_of_whatevers, vaults_dpeg_ring
Vaults:2: v_rooms_5, hangedman_vaults_snaps, nicolae_vaults_little_squares_3,
          v_misc_8, minmay_crypt_entry_simple_round,
          nicolae_vaults_network_square, v_rooms_6, hangedman_vaults_slice,
          vaults_room_door_ring, vaults_room_fours, vaults_room_hallway,
          nicolae_vaults_little_ls
Vaults:3: v_misc_17, vaults_mumra_minichess, st_more_cells, v_misc_14,
          vaults_room_grid, v_rooms_5, vaults_dpeg_diagonal, v_misc_11,
          grunt_vaults_bifocal, v_misc_3, vaults_mumra_chevron,
          vaults_room_corners, hangedman_vaults_slice, nicolae_vaults_rhombus_5,
          uniq_sojobo, uniq_boris, uniq_jory, uniq_bai_suzhen
Vaults:4: vaults_room_door_hall, nicolae_vaults_statue_guard,
          nicolae_vaults_puzzle_piece, nicolae_vaults_border_crossing,
          v_misc_29, nicolae_vaults_three_branches,
          nicolae_vaults_ninety_degrees, v_alt_pattern_1, vaults_room_pools,
          nicolae_vaults_little_squares_4
Crypt:2:  evilmike_wizard_prison, basic_stair_grate_trap,
          roderic_lattice_octagonal_star
Crypt:3:  cryptofortress_bobbens
Depths:1: serial_bayou_pond_a, grunt_hell_entry_dis_mu,
          hangedman_decor_opposing, minmay_multi_spiral, minmay_shoptagon
Depths:2: evilmike_pillar_path, hangedman_decor_lopped, hell_entry,
          infiniplex_staircase_zigzag_4, firewood_loft
Depths:3: minmay_bad_star, chequers_big_river, abyss_entry,
          hangedman_coc_ice_floe, pan_entry
Depths:4: kennysheep_bubble_arena, enter_ziggurat_f, minmay_room_of_horrors,
          pan_entry, hell_entry, corexii_corridor_pit, kennysheep_treasure_room,
          serial_bayou_shore_b, uniq_frederick, uniq_boris, uniq_margery
Depths:5: grunt_zot_entry_bicorn, hangedman_decor_growths, serial_shops,
          nicolae_shop_waterfront, hell_entry, mikee_hates_you
Zig:5:    ziggurat_pillar_centre_c
Zig:8:    ziggurat_pillar_centre_oklobs
IceCv:    ice_cave_small_demon

Table legend:
 A = Turns spent in this place as a percentage of turns spent in the entire game.
 B = Non-inter-level travel turns spent in this place as a percentage of non-inter-level travel turns spent in the entire game.
 C = Inter-level travel turns spent in this place as a percentage of turns spent in this place.
 D = Turns resting spent in this place as a percentage of non-inter-level travel turns spent in this place.
 E = Turns spent auto-exploring this place as a percentage of non-inter-level travel turns spent in this place.
 F = Non-inter-level travel turns spent in this place divided by the number of levels of this place that you've seen.
                   A       B       C       D       E      F
               +-------+-------+-------+-------+-------+----------------------
         Total | 100.0 | 100.0 |   0.5 |   2.3 |   6.5 | 402.1
       Dungeon |  21.6 |  21.5 |   0.7 |   2.2 |  10.4 | 351.6
          Lair |  11.1 |  11.1 |   0.4 |   3.1 |   7.1 | 454.0
         Swamp |   8.0 |   8.0 |   0.2 |   2.8 |   3.6 | 492.0
     Snake Pit |  10.8 |  10.9 |   0.2 |   3.3 |   3.6 | 666.5
  Orcish Mines |   3.0 |   3.0 |   0.5 |   2.7 |   5.6 | 367.0
   Elven Halls |   6.7 |   6.7 |   0.4 |   0.6 |   5.7 | 545.3
        Vaults |  16.2 |  16.2 |   0.6 |   2.3 |   6.9 | 793.8
         Crypt |   4.9 |   4.9 |   0.5 |   2.2 |   7.3 | 403.7
        Depths |  12.5 |  12.5 |   0.6 |   2.1 |   6.0 | 611.8
      Ziggurat |   3.9 |   3.9 |   0.0 |   1.0 |   0.0 |  73.9
      Ice Cave |   1.3 |   1.3 |   0.0 |   1.8 |   0.6 | 325.0
               +-------+-------+-------+-------+-------+----------------------

Table legend:
 A = Kills in this place as a percentage of kills in entire the game.
 B = Kills by you in this place as a percentage of kills by you in the entire game.
 C = Kills by friends in this place as a percentage of kills by friends in the entire game.
 D = Other kills in this place as a percentage of other kills in the entire game.
 E = Experience gained in this place as a percentage of experience gained in the entire game.
 F = Experience gained in this place divided by the number of levels of this place that you have seen.
                   A       B       C       D       E      F
               +-------+-------+-------+-------+-------+----------------------
         Total | 100.0 | 100.0 | 100.0 | 100.0 | 100.0 | 27545.0
       Dungeon |  19.1 |  19.3 |   0.0 |   0.0 |   5.8 | 6451.3
          Lair |   8.9 |   9.0 |   0.0 |   0.0 |   3.4 | 9577.8
         Swamp |   7.1 |   7.2 |   0.0 |   5.3 |   5.6 | 23386.5
     Snake Pit |   6.7 |   6.8 |   0.0 |   0.0 |   6.9 | 28925.5
  Orcish Mines |   3.7 |   3.8 |   0.0 |   0.0 |   1.7 | 14183.0
   Elven Halls |   6.8 |   6.7 |  28.6 |  15.8 |   7.8 | 43516.0
        Vaults |  20.3 |  20.2 |   0.0 |  47.4 |  27.7 | 93093.0
         Crypt |   6.5 |   6.6 |   0.0 |   0.0 |   7.8 | 43791.0
        Depths |  14.0 |  14.0 |  14.3 |  21.1 |  24.4 | 81985.0
      Ziggurat |   5.6 |   5.5 |  57.1 |  10.5 |   8.3 | 10730.8
      Ice Cave |   1.1 |   1.1 |   0.0 |   0.0 |   0.7 | 11586.0
               +-------+-------+-------+-------+-------+----------------------
